 Dungeon Crawl Stone Soup version 0.18-a0-1413-g4eaa9ac (console) character file.

737 brucemayne the Cleaver (level 7, -6/75 HPs)
             Began as a Demonspawn Gladiator on Feb 25, 2016.
             Was a Follower of Trog.
             Mangled by an orc warrior
             ... wielding a +0 short sword
              (14 damage)
             ... on level 6 of the Dungeon.
             The game lasted 00:08:34 (1790 turns).

brucemayne the Cleaver (Demonspawn Gladiator)       Turns: 1790, Time: 00:08:34

Health: -6/75      AC: 12    Str: 20 (22) XL:     7   Next: 46%
Magic:  7/7        EV:  7    Int: 14 (16) God:    Trog [*.....]
Gold:   111        SH:  2    Dex:  9 (12) Spells: 0 memorised, 6 levels left

rFire  + . .     SeeInvis .     a - +0 war axe
rCold  . . .     Gourm    .     l - +0 chain mail
rNeg   . . .     Faith    .     o - +0 buckler
rPois  .         Spirit   .     (helmet restricted)
rElec  .         Dismiss  .     (no cloak)
rCorr  .         Reflect  .     (no gloves)
SustAt .         Harm     .     (no boots)
MR     .....                    (no amulet)
Stlth  ..........               y - +6 ring of intelligence
                                (no ring)

@: berserking, very quick, not resistant to hostile enchantments, extremely
unstealthy
A: horns 1, rough black scales 1, fire resistance 1, flame cloud immunity
a: Berserk, Burn Spellbooks, Renounce Religion


You were on level 6 of the Dungeon.
You worshipped Trog.
Trog was aware of your devotion.
You were hungry.

You visited 2 branches of the dungeon, and saw 7 of its levels.

You collected 111 gold pieces.

Inventory:

Hand Weapons
 a - a +0 war axe (weapon)
 d - a cursed -2 giant club
Missiles
 s - 16 poisoned needles
Armour
 b - a +0 leather armour
 c - a +0 helmet
 g - a +0 scale mail
 l - a +0 chain mail (worn)
 m - the +4 helmet of Wiaprial {rPois}
   (You took it off Robin on level 2 of the Dungeon)

   It protects you from poison.
 o - a +0 buckler (worn)
Jewellery
 j - an uncursed ring of stealth
 y - a +6 ring of intelligence (right hand)
 B - an uncursed ring of ice
Wands
 w - a wand of lightning (2/15)
Scrolls
 e - 2 scrolls of blinking {unknown}
 h - a scroll of remove curse {unknown}
 i - a scroll of enchant weapon {unknown}
 p - 4 scrolls of identify
 t - a scroll of recharging {unknown}
 v - a scroll of noise {unknown}
 x - a scroll of random uselessness {unknown}
 A - a scroll of amnesia {unknown}
Potions
 k - a potion of degeneration
 n - a potion of lignification {unknown}
 u - a potion of agility {unknown}
 z - a potion of brilliance {unknown}
Books
 G - a book of Debilitation

   Spells                             Type                      Level
   a - Corona                         Hexes                        1
   b - Slow                           Hexes                        2
   c - Gell's Gravitas                Hexes/Translocation          3
   d - Inner Flame                    Hexes/Fire                   3
   e - Cause Fear                     Hexes                        4
   f - Leda's Liquefaction            Hexes/Earth                  4
   Trog disapproves of the use of such an item.
Comestibles
 f - 3 bread rations
 q - a royal jelly
 C - 5 fruits
 D - a slice of pizza
 F - 2 meat rations


   Skills:
 - Level 2.0 Fighting
 + Level 8.1 Axes
 - Level 1.7 Throwing
 - Level 2.6 Dodging


You had 6 spell levels left.
You didn't know any spells.

Dungeon Overview and Level Annotations

Branches:
Dungeon (5/15)             Temple (1/1) D:5

Altars:
Ashenzari
Fedhas
Gozag
Nemelex Xobeh
Okawaru
Qazlal
Ru
Trog
Zin

Annotations:
D:2 Terence
D:5 Azzok's ghost, novice DDFi; Grinder


Innate Abilities, Weirdness & Mutations

You have a pair of small horns on your head.
You are partially covered in rough black scales (AC +4, Dex -1).
Your flesh is heat resistant.
You are immune to clouds of flame.


Message History

The orc warrior is moderately wounded.
You closely miss the orc warrior. Your headbutt misses the orc warrior.
The orc warrior is moderately wounded.
The orc warrior barely misses you.
You slash the orc warrior!
The orc warrior is severely wounded.
The orc priest miscasts a cantrip.
The orc warrior hits you with a short sword!
* * * LOW HITPOINT WARNING * * *
Your shield and chain mail prevent you from hitting the orc warrior.
The orc warrior is severely wounded.
The orc warrior completely misses you.
You closely miss the orc warrior. Your headbutt misses the orc warrior.
The orc warrior is severely wounded.
The orc priest calls upon Beogh to heal the orc warrior.
The orc warrior is healed somewhat.
You hit the orc warrior.
The orc warrior is heavily wounded.
The orc warrior hits you with a short sword!
You die...

#### ..... ..#..
### ........#
..#.o.#.#
...o..oo# ### #o#
########.#######@#
.................#
##################
## .# .# .# .# .#


You could see an orc warrior, an orc priest and an orc.

Vanquished Creatures
  Duvessa (D:6)
  An ogre (D:5)
  A giant frog (D:6)
  A scorpion (D:4)
  A giant frog zombie (D:6)
  A crimson imp (D:6)
  A centaur skeleton (D:4)
  A hound (Temple)
  3 orc priests
  2 orc wizards
  3 worker ants
  Robin (D:2)
  An adder (D:4)
  An ooze (D:2)
  2 adder skeletons
  9 orcs
  3 giant cockroaches
  18 goblins
  7 hobgoblins
  4 jackals (D:6)
  2 quokkas
  A bat (D:2)
  2 giant newts
  A kobold (D:3)
  2 rats (D:1)
70 creatures vanquished.

Notes
Turn   | Place    | Note
--------------------------------------------------------------
     0 | D:1      | brucemayne the Demonspawn Gladiator began the quest for the Orb.
     0 | D:1      | Reached XP level 1. HP: 16/16 MP: 1/1
   189 | D:2      | Found a bloodstained altar of Trog.
   195 | D:1      | Reached skill level 3 in Axes
   224 | D:2      | Noticed Robin
   232 | D:2      | Gained mutation: Your flesh is heat resistant. [demonic ancestry]
   232 | D:2      | Reached XP level 2. HP: 19/22 MP: 2/2
   246 | D:2      | Killed Robin
   269 | D:2      | Reached XP level 3. HP: 8/27 MP: 3/3
   287 | D:2      | Got a slimy helmet
   298 | D:2      | Identified the +4 helmet of Wiaprial {rPois} (You took it off Robin on level 2 of the Dungeon)
   348 | D:2      | Noticed Terence
   431 | D:3      | Reached skill level 4 in Axes
   468 | D:3      | Gained mutation: You are immune to clouds of flame. [demonic ancestry]
   468 | D:3      | Reached XP level 4. HP: 24/33 MP: 4/4
   719 | D:2      | You fall through a shaft for 2 floors!
   720 | D:4      | Reached skill level 5 in Axes
   733 | D:4      | Gained mutation: You have a pair of small horns on your head. [demonic ancestry]
   733 | D:4      | Reached XP level 5. HP: 32/38 MP: 5/5
   734 | D:4      | RFUFCJNELADFJK
   935 | D:5      | Entered Level 5 of the Dungeon
   948 | D:5      | Found a staircase to the Ecumenical Temple.
   960 | D:5      | Noticed an ogre
   964 | Temple   | Entered the Ecumenical Temple
  1060 | D:5      | Noticed Azzok's ghost (novice DDFi)
  1061 | D:5      | Killed an ogre
  1061 | D:5      | Reached skill level 6 in Axes
  1061 | D:5      | Gained mutation: You are partially covered in rough black scales (AC +4, Dex -1). [demonic ancestry]
  1061 | D:5      | Reached XP level 6. HP: 38/44 MP: 6/6
  1174 | D:2      | Became a worshipper of Trog the Wrathful
  1517 | D:5      | Noticed an ice beast
  1519 | D:5      | Noticed Grinder
  1583 | D:4      | You fall through a shaft for 2 floors!
  1594 | D:6      | Reached skill level 7 in Axes
  1599 | D:6      | Noticed Duvessa
  1625 | D:6      | Reached XP level 7. HP: 29/50 MP: 7/7
  1645 | D:6      | Killed Duvessa
  1686 | D:6      | Reached * piety under Trog
  1752 | D:6      | Reached skill level 8 in Axes
  1790 | D:6      | Mangled by an orc warrior

Vault maps used:
D:1:      dpeg_arrival_arbitrary_a
D:2:      bloody_trog, yredelemnul_forgotten_temple_becter, serial_forest,
          infiniplex_forest_clump_small, infiniplex_forest_end_2,
          infiniplex_forest_lined_2, infiniplex_forest_end_double,
          infiniplex_forest_corner_1, infiniplex_forest_clump_long,
          uniq_terence, uniq_robin
D:3:      minmay_goblin_kobold_castle, first_bread, minmay_snake_closets
D:5:      overflow_temple_1_default, overflow_temple_1_default,
          xom_teletrap_fun, minmay_temple_entry_purple_smoke,
          gup_sewer_entry_glass, minmay_strange_pillars, uniq_grinder
D:6:      lemuel_coloured_pillars_altar, nemelex_dance_club_becter,
          uniq_duvessa, uniq_menkaure
Temple:   cyrus_temple_forest_13

Skill      XL: |  1  2  3  4  5  6  7 |
---------------+----------------------+-----
Axes           | 3 4 5 6 7 8 |  8.1
Fighting       | |  2.0
Throwing       | |  1.7
Dodging        | |  2.6

Action                   |  1- 3 |  4- 6 |  7- 9 || total
-------------------------+-------+-------+-------++-------
Melee: War axe           |    53 |   137 |    66 ||   256
Throw: Throwing net      |     4 |     1 |       ||     5
Invok: Berserk           |       |       |     1 ||     1
  Use: Scroll            |       |     1 |       ||     1
       Potion            |       |       |     4 ||     4
  Eat: Chunk             |       |     2 |     1 ||     3
